 Dungeon Sprint DCSS version 0.20-a0-1018-ge435b50 (webtiles) character file.

191 Krakonus1 the Changer (level 5, 0/40 HPs)
             Began as a Draconian Transmuter on Apr 16, 2017.
             Was a Follower of Sif Muna.
             Slain by a tarantella (18 damage)
             ... in the Dungeon (Sprint V: "Ziggurat Sprint").
             The game lasted 00:05:11 (258 turns).

Krakonus1 the Changer (Draconian Transmuter)         Turns: 258, Time: 00:05:12

Health: 0/40       AC:  5    Str: 14    XL:     5   Next: 41%
Magic:  8/15       EV: 14    Int: 32    God:    Sif Muna [*.....]
Gold:   0          SH:  0    Dex: 12    Spells: 8/11 levels left

rFire    . . .     SeeInvis .   M - +6 Majin-Bo {vamp, Archmagi MP+6 Int+6}
rCold    . . .     Gourm    .   (shield currently unavailable)
rNeg     . . .     Faith    .   (armour unavailable)
rPois    .         Spirit   .   (helmet restricted)
rElec    .         Reflect  .   (no cloak)
rCorr    .         Harm     .   (no gloves)
MR       .....     Clarity  +   (boots currently unavailable) Stlth +.........NoTele +
                                (no amulet)
Regen    0.2/turn               E - +6 ring of intelligence
MPRegen  0.2/turn               F - +6 ring of intelligence

@: appendage (expiring)
A: unfitting armour, talons 3, blurry vision 1, clarity, low mp 1, strong 1,
cold-blooded, AC +5
a: End Transformation, Divine Energy, Renounce Religion


You were in the Dungeon.
You worshipped Sif Muna.
Sif Muna was aware of your devotion.
You were not hungry.
You had grown temporary talons.
You visited 1 branch

Inventory:

Hand Weapons
 M - the +6 Majin-Bo (weapon) {vamp, Archmagi MP+6 Int+6}
   (You found it in the Dungeon)

   It inflicts no extra harm, but heals its wielder when it wounds a living foe.
   It affects your intelligence (+6).
   It affects your magic capacity (+6).
Missiles
 a - 1007 arrows
 O - 1000 bolts
 P - 1000 sling bullets
Armour
 N - the +18 shield of the Gong {rElec rN+ MR+ EV-5}
   (You found it in the Dungeon)

   It affects your evasion (-5).
   It insulates you from electricity.
   It protects you from negative energy.
   It affects your resistance to hostile enchantments.
 Q - a +3 buckler
 R - a +3 large shield
 S - a +3 shield
Magical Staves
 m - an uncursed staff of energy
 I - an uncursed staff of energy
Jewellery
 C - a +6 ring of dexterity
 D - a +6 ring of dexterity
 E - a +6 ring of intelligence (left hand)
 F - a +6 ring of intelligence (right hand)
 G - a +6 ring of strength
 H - a +6 ring of strength
 K - an uncursed ring of flight
Wands
 y - a wand of disintegration (7/24)
 z - a wand of iceblast (5/15)
 A - a wand of lightning (5/15)
 B - a wand of acid (5/15)
Scrolls
 i - 4 scrolls of blinking
 p - 4 scrolls of amnesia
 q - 3 scrolls of recharging
 r - 7 scrolls of fog
 s - a scroll of holy word
 t - 5 scrolls of identify
 u - 5 scrolls of remove curse
 v - 2 scrolls of fear
Potions
 d - 10 potions of curing
 e - 10 potions of heal wounds
 f - 6 potions of haste
 g - 7 potions of magic
 h - 3 potions of berserk rage
 j - 2 potions of brilliance
 k - 2 potions of invisibility
 l - 4 potions of resistance
 n - 5 potions of agility
 o - 5 potions of might
Books
 b - a book of Changes

   Spells                             Type                      Level
   a - Beastly Appendage              Transmutation                1
   b - Sticks to Snakes               Transmutation                2
   c - Spider Form                    Transmutation/Poison         3
   d - Ice Form                       Ice/Transmutation            4
   e - Blade Hands                    Transmutation                5
Miscellaneous
 J - a crystal ball of energy
 L - a lightning rod (4/4)
Comestibles
 c - 5 bread rations
 w - 39 fruits
 x - 4 meat rations


   Skills:
 + Level 1.3 Fighting
 * Level 4.9 Staves
 * Level 4.9 Dodging
 + Level 0.6 Stealth
 - Level 3.0 Unarmed Combat
 + Level 3.6 Spellcasting
 * Level 5.7 Transmutations
 * Level 5.2 Invocations
 * Level 4.7 Evocations


You had 8 spell levels left.
You knew the following spells:

 Your Spells              Type           Power        Failure   Level  Hunger
a - Beastly Appendage     Tmut           ######       1%          1    None
b - Sticks to Snakes      Tmut           ######..     1%          2    None


Dungeon Overview and Level Annotations

Branches:
Dungeon (1/1)

Altars:
Ashenzari
Cheibriados
Dithmenos
Elyvilon
Fedhas
Gozag
Hepliaklqana
Kikubaaqudgha
Makhleb
Nemelex Xobeh
Okawaru
Qazlal
Ru
Sif Muna
Trog
Uskayaw
Vehumet
Wu Jian
Xom
Yredelemnul
Zin
The Shining One
Beogh
Jiyva
Lugonu


Innate Abilities, Weirdness & Mutations

Your plain brown scales are hard. (AC +5)
You cannot fit into any form of body armour.
You are cold-blooded and may be slowed by cold attacks.
You have claws for feet.
Scrolls take you a little longer to read.
You possess an exceptional clarity of mind.
Your magical capacity is low. (-10% MP)
Your muscles are strong. (Str +2)


Message History

You feel momentarily confused.
Your adder bites the tarantella.
Your adder bites the tarantella but does no damage.
Your adder barely misses the tarantella.
You barely miss the tarantella. Your kick misses the tarantella.
The tarantella is lightly wounded.
Your adder bites the tarantella but does no damage.
The tarantella bites you but does no damage.
Your adder bites the tarantella but does no damage.
Your adder closely misses the tarantella.
Your adder misses the tarantella.
Your adder bites the tarantella.
The tarantella bites you!
You sock the tarantella!
You feel better.
You tail-slap the tarantella, but do no damage.
The tarantella is heavily wounded.
Your adder misses the tarantella. Your adder misses your adder.
Your adder bites the tarantella.
The tarantella is poisoned.
Your adder poisons the tarantella!
Your adder bites the tarantella.
The tarantella looks even sicker.
Your adder poisons the tarantella!
The tarantella bites you!!
You die...

▓▓▓▓▓▓▓▓▓▓▓▓▓
▓.8©8.▓.8©8.▓
▓.!}}.▓.....▓
▓.....▓."...▓
▓.....▓.....▓
▓SSS..▓.....▓
▓.†sS.▓.....▓
▓.@S..▓▓▓▓▓▓▓
▓▓▓▓▓▓▓


You could see a tarantella and 5 friendly adders.

Vanquished Creatures
  A bullfrog (shapeshifter) (D)
  A scorpion (D)
  A howler monkey (shapeshifter) (D)
3 creatures vanquished.

Vanquished Creatures (collateral kills)
  A scorpion (D)
1 creature vanquished.

Grand Total: 4 creatures vanquished

Notes
Turn   | Place    | Note
-------+----------+-------------------------------------------
     0 | D        | Krakonus1 the Draconian Transmuter began the quest for the Orb.
     0 | D        | Reached XP level 1. HP: 16/16 MP: 3/3
     0 | D        | Found a deep blue altar of Sif Muna.
     0 | D        | Found a sacrificial altar of Ru.
     0 | D        | Found a bloodstained altar of Trog.
     0 | D        | Found a stormy altar of Qazlal.
     0 | D        | Found an iron altar of Okawaru.
     0 | D        | Found a sparkling altar of Nemelex Xobeh.
     0 | D        | Found a blossoming altar of Fedhas.
     2 | D        | Found an ancient bone altar of Kikubaaqudgha.
     2 | D        | Found a viscous altar of Jiyva.
     2 | D        | Found a corrupted altar of Lugonu.
     2 | D        | Found a hazy altar of Hepliaklqana.
     2 | D        | Found a burning altar of Makhleb.
     2 | D        | Found an opulent altar of Gozag.
    90 | D        | Became a worshipper of Sif Muna the Loreminder
   108 | D        | Reached XP level 2. HP: 23/23 MP: 3/5
   178 | D        | Learned a level 2 spell: Sticks to Snakes
   211 | D        | Entered arena 1.
   211 | D        | Noticed a bullfrog
   211 | D        | Noticed a bullfrog
   211 | D        | Noticed a howler monkey
   211 | D        | a bullfrog changed into a howler monkey
   214 | D        | Killed a bullfrog
   214 | D        | Reached XP level 3. HP: 28/28 MP: 7/7
   214 | D        | Reached XP level 4. HP: 35/35 MP: 8/8
   217 | D        | Reached * piety under Sif Muna
   217 | D        | Reached skill level 5 in Transmutations
   225 | D        | Gained mutation: Your magical capacity is low. (-10% MP) [mutagenic meat]
   227 | D        | Gained mutation: You possess an exceptional clarity of mind. [mutagenic meat]
   228 | D        | Gained mutation: Scrolls take you a little longer to read. [mutagenic meat]
   230 | D        | Gained mutation: Your muscles are strong. (Str +2) [mutagenic meat]
   247 | D        | Entered arena 2.
   247 | D        | Noticed a tarantella
   253 | D        | Reached skill level 5 in Invocations
   253 | D        | Reached XP level 5. HP: 40/40 MP: 7/9
   258 | D        | Slain by a tarantella

Vault maps used:
D:        sprint_v

Skill      XL: |  1  2  3  4 |
---------------+-------------+-----
Staves         | 3 4 |  4.9
Dodging        | 3 4 |  4.9
Transmutations | 3 4 5 |  5.7
Invocations    | 3 4 5 |  5.2
Evocations     | 3 4 |  4.7
Spellcasting   | 3 |  3.6
Fighting       | |  1.3
Stealth        | |  0.6
Unarmed Combat | |  3.0

Action                   |  1- 3 |  4- 6 || total
-------------------------+-------+-------++-------
Melee: Quarterstaff      |     3 |    10 ||    13
       Tailslap          |     1 |     1 ||     2
       Kick              |       |     1 ||     1
 Cast: Beastly Appendage |     4 |     1 ||     5
       Sticks to Snakes  |       |     3 ||     3
  Use: Potion            |     1 |       ||     1
  Eat: Fruit             |     2 |     1 ||     3
       Chunk             |       |     7 ||     7
Armor: Skin              |       |     4 ||     4
Dodge: Dodged            |     3 |     7 ||    10
